 Dungeon Crawl Stone Soup version 0.30-a0-989-g0d87f670db (webtiles) character file.

Game seed: 15148205379411021358

44 jtron the Trooper (level 3, -1/31 HPs)
             Began as a Demonspawn Wanderer on Apr 3, 2023.
             Slain by Crazy Yiuf
             ... wielding a +4 quarterstaff of chaos
              (4 damage)
             ... on level 2 of the Dungeon.
             The game lasted 00:03:46 (1732 turns).

jtron the Trooper (Demonspawn Wanderer)             Turns: 1732, Time: 00:03:47

Health: -1/31      AC:  2    Str: 12    XL:     3   Next: 39%
Magic:  4/5        EV: 11    Int: 15    God:
Gold:   98         SH:  0    Dex: 12    Spells: 4/5 levels left

rFire   . . .      SeeInvis .    a - +0 dagger
rCold   . . .      Faith    .    (no shield)
rNeg    . . .      Spirit   .    e - +0 robe
rPois   .          Reflect  .    (no helmet)
rElec   .          Rampage  .    (no cloak)
rCorr   .                        (no gloves)
Will    .....                    (no boots)
Stlth   +                        (no amulet)
HPRegen 0.25/turn                (no ring)
MPRegen 0.09/turn                (no ring)

@: mighty
A: ignite blood 1
a: no special abilities


You were on level 2 of the Dungeon.
You visited 1 branch of the dungeon, and saw 2 of its levels.

You collected 126 gold pieces.
You spent 28 gold pieces at shops.

Inventory:

Hand Weapons
 a - a +0 dagger (weapon)
 o - a +0 club
Missiles
 m - 21 stones
 q - 3 poisoned darts
Armour
 e - a +0 robe (worn)
Scrolls
 h - 2 scrolls of teleportation {unknown}
 i - a scroll of amnesia {unknown}
 s - a scroll of enchant weapon {unknown}
Potions
 c - a potion of curing
 d - a potion of haste
 f - a potion of invisibility
 g - a potion of flight {unknown}
 j - 2 potions of mutation {unknown}
 k - a potion of lignification {unknown}
 l - a potion of attraction {unknown}
 n - 2 potions of resistance
 p - a potion of heal wounds {unknown}
 r - a potion of berserk rage {unknown}


   Skills:
 - Level 4.3 Fighting
 + Level 0.1 Short Blades
 + Level 0.3 Dodging
 + Level 0.4 Stealth
 - Level 2.9 Unarmed Combat
 * Level 1.7 Spellcasting
 * Level 0.5 Transmutations
 + Level 1.4 Poison Magic
 + Level 1.0 Evocations


You had 4 spell levels left.
You knew the following spells:

 Your Spells              Type           Power      Damage    Failure   Level
a - Sting                 Tmut/Pois      16%        1d3       16%         1

Your spell library contained the following spells:

 Spells                   Type           Power      Damage    Failure   Level
 Ignite Poison            Fire/Tmut/Pois 3%         N/A       47%         3


Dungeon Overview and Level Annotations

Branches:
Dungeon (2/15)

Altars:

Shops:
D:2 *

Annotations:
D:2 Crazy Yiuf


Innate Abilities, Weirdness & Mutations

Your demonic aura sometimes causes spilled blood to erupt in flames.


Message History

You hit the ball python.
The ball python is heavily wounded.
The ball python is engulfed in blazing flames.
You kill the ball python!
No target in view!
No target in view!
No target in view!
No target in view!
You see here a ball python corpse.
You now have 98 gold pieces (gained 12).
You see here a ball python corpse.
Found a runed translucent door.
Crazy Yiuf shouts!
There is a stone staircase leading up, spattered with blood here.
You see here a +0 mace.
You see here a +0 mace.
There is a stone staircase leading up, spattered with blood here.
Crazy Yiuf shouts!
No reachable target in view!
You open the door.
Casting: Sting (safe; 16% risk of failure)
Confirm with . or Enter, or press ? or * to list all spells.
Aiming: Sting (safe; 16% risk of failure)
Press: ? - help, Shift-Dir - straight line, f - Crazy Yiuf
Aim: Crazy Yiuf, wielding a +4 quarterstaff of chaos and wearing a +2 cloak (69% to hit)
The sting hits Crazy Yiuf.
Crazy Yiuf is poisoned.
Crazy Yiuf is lightly wounded.
Crazy Yiuf laughs, "Aardvark!
Buddy Orb Guardian hand."
You hit Crazy Yiuf.
Crazy Yiuf is moderately wounded.
Crazy Yiuf hits you with a +4 quarterstaff of chaos!
You convulse!
You hit Crazy Yiuf but do no damage.
Crazy Yiuf is lightly wounded.
Crazy Yiuf hits you with a +4 quarterstaff of chaos!
* * * LOW HITPOINT WARNING * * *
Crazy Yiuf draws strength from your wounds!
You feel very mighty all of a sudden.
Crazy Yiuf hits you with a +4 quarterstaff of chaos.
You die...

######................)#.#
##.##
###.....###########...#
##.#.# #.......#
#######.###. #>#######
##### #.## ## #.#.....#
#..)# ##.###. #.#.#####
#...# ##.#.#.. #.#†## ...
##.###... #.#..# #g#
####.## ##.. #.##.# ♣♣@♣
#...## ##. #.##.# ♣.♣♣
####.## ##.. #.##.# ♣♣.♣
#####.###... ####.##.#
♣.♣♣ #......#....
.....##.# ♣♣.♣♣
#######..... #######.#
♣...♣♣ ##.##. #####.#
♣....♣ ########.#..
#.....# ##..##
#......#.#.. ###.#####
#....# #######.#....


You could see Crazy Yiuf (poisoned).

Vanquished Creatures
  An adder (D:2)
  A worm (D:2)
  A dart slug (D:1)
  2 bats (D:2)
  4 endoplasms
  2 giant cockroaches
  4 hobgoblins
  3 quokkas
  4 ball pythons
  2 frilled lizards (D:2)
  A kobold (D:2)
  2 rats (D:1)
27 creatures vanquished.

Notes
Turn   | Place    | Note
-------+----------+-------------------------------------------
     0 | D:1      | jtron the Demonspawn Wanderer began the quest for the Orb.
     0 | D:1      | jtron set off with the following items: a +0 club, a potion
                  | of might, a potion of curing, a potion of haste, a +0 robe,
                  | a potion of invisibility; and the following spell
                  | memorised: Sting; and the following spells available to
                  | memorise: Ignite Poison.
     0 | D:1      | Reached XP level 1. HP: 19/19 MP: 2/2
   243 | D:1      | Gained mutation: Your demonic aura sometimes causes spilled
                  | blood to erupt in flames. [demonic ancestry]
   243 | D:1      | Reached XP level 2. HP: 25/25 MP: 1/3
   839 | D:2      | Found Luci Wol's General Store.
   848 | D:2      | Bought a scroll of identify for 28 gold pieces
   905 | D:2      | Reached XP level 3. HP: 14/31 MP: 3/5
  1589 | D:2      | Found a runed translucent door.
  1590 | D:2      | Noticed Crazy Yiuf
  1732 | D:2      | Slain by Crazy Yiuf

Illustrated notes

Levels and vault maps discovered:
D:1:      denvon_arrival_waterhouse, layout_basic
D:2:      layout_loops_ring, serial_shops, nicolae_lakefront_shop,
          uniq_crazy_yiuf_cottage

Action                     || total
---------------------------++-------
  Melee: Club              ||    50
         Punch             ||     3
         Dagger            ||    51
   Cast: Sting             ||    21
    Use: Scroll            ||     1
         Potion            ||     1
   Stab: Sleeping          ||     1
 Armour: Robe              ||    16
  Dodge: Dodged            ||    73

Table legend: (Time is in decaauts)
 A = Elapsed time spent in this place.
 B = Non-inter-level travel time spent in this place.
 C = Inter-level travel time spent in this place.
 D = Time resting spent in this place.
 E = Time spent auto-exploring this place.
 F = Levels seen in this place.
 G = Mean time per level.
                   A        B        C        D        E       F      G
               +--------+--------+--------+--------+--------+-----+--------+
         Total |   1747 |   1679 |     68 |    131 |   1226 |   2 |  873.5 |
       Dungeon |   1747 |   1679 |     68 |    131 |   1226 |   2 |  873.5 |
               +--------+--------+--------+--------+--------+-----+--------+

Top non-repeatable levels by time:
     D:2: 1106 daAuts
     D:1: 641 daAuts
